 Dungeon Crawl Stone Soup version 0.26-a0-651-gb41185065b (webtiles) character file.

Game seed: 10119168297791776563

56 Lanoc the Firebug (level 4, 0/30 HPs)
             Began as a Human Fire Elementalist on Oct 14, 2020.
             Slain by an adder (3 damage)
             ... on level 3 of the Dungeon.
             The game lasted 00:02:04 (1674 turns).

Lanoc the Firebug (Human Fire Elementalist)         Turns: 1674, Time: 00:02:04

Health: 0/30       AC:  2    Str:  5 (8)  XL:     4   Next: 17%
Magic:  1/7        EV: 13    Int: 15 (16) God:
Gold:   39         SH:  0    Dex: 12 (14) Spells: 6/7 levels left

rFire    + . .     SeeInvis .   c - +1 dagger (venom)
rCold    + . .     Faith    .   (no shield)
rNeg     . . .     Spirit   .   a - +0 robe
rPois    +         Reflect  .   (no helmet)
rElec    +         Harm     .   (no cloak)
rCorr    +         Rampage  .   (no gloves)
MR       .....                  (no boots)
Stlth    ++........             (no amulet)
HPRegen  0.10/turn              (no ring)
MPRegen  0.10/turn              (no ring)

@: lethally poisoned (0 -> -4), resistant
A: no striking features
a: no special abilities


You were on level 3 of the Dungeon.
You visited 1 branch of the dungeon, and saw 3 of its levels.

You collected 39 gold pieces.

Inventory:

Hand Weapons
 c - a +1 dagger of venom (weapon)
Armour
 a - a +0 robe (worn)
Scrolls
 b - a scroll of fog {unknown}
 d - a scroll of teleportation {unknown}
 e - 2 scrolls of identify {unknown}
 f - a scroll of immolation {unknown}
 g - a scroll of random uselessness {unknown}


   Skills:
 + Level 2.8 Dodging
 - Level 2.0 Stealth
 - Level 2.0 Spellcasting
 - Level 1.0 Conjurations
 * Level 4.2 Fire Magic


You had 6 spell levels left.
You knew the following spells:

 Your Spells              Type           Power        Failure   Level
a - Foxfire               Conj/Fire      #...         8%          1

Your spell library contained the following spells:

 Spells                   Type           Power        Failure   Level
 Conjure Flame            Conj/Fire      #.......     22%         3
 Inner Flame              Hex/Fire       #.......     28%         3
 Sticky Flame             Conj/Fire      #.......     58%         4
 Fireball                 Conj/Fire      #.........   91%         5


Dungeon Overview and Level Annotations

Branches:
Dungeon (3/15)

Altars:


Message History

You kill the adder!
You have reached level 4!
You feel agile.
You feel sick.
You feel sick. The adder bites you.
An adder comes into view.
You feel sick.
The adder moves out of view.
The adder barely misses you. The orc hits you with a +0 short sword.
* * * LOW HITPOINT WARNING * * *
* * * LOW HITPOINT WARNING * * *
You feel sick.
It was a potion of resistance.
You feel protected. The adder barely misses you.
It was a potion of degeneration.
There was something very wrong with that liquid.
You feel weakened.
You feel dopey.
You feel clumsy.
* * * LOW HITPOINT WARNING * * *
You feel sick. The adder closely misses you. The adder bites you.
You die...

..........#..## ♣≈≈♣ P≈P≈≈≈≈≈
###..####.#...# #♣≈≈♣ ≈P ♣≈♣P≈
#........†.##.###...#♣♣♣♣P ♣...
..#..####.##8.8#......##.#####..#
.##.................#.##.##......
###..#.....#8.8###.##.......##.##
.....#.##.###.####.#####.#####.#
###.#.).#.###..#.S...# #.......#
# #............#@#.#.# ###.#####
#####...######.......#####..# .#
#...................###.###
.####...#####........##.#.#.#.#
.....................#........
......................#.#.#.#.#
..)............................
.####...#####.......###.#.#.#.#.
.# #.........###...............


You could see an adder.

Vanquished Creatures
  2 adders (D:3)
  An ooze (D:3)
  2 worms (D:3)
  2 leopard geckos
  5 goblins
  3 hobgoblins
  4 kobolds
  2 bats
  2 frilled lizards (D:1)
  5 rats
  A toadstool (D:1)
29 creatures vanquished.

Vanquished Creatures (collateral kills)
  3 foxfires
3 creatures vanquished.

Vanquished Creatures (others)
  83 foxfires
  9 plants (D:3)
  3 toadstools (D:1)
95 creatures vanquished.

Grand Total: 127 creatures vanquished

Notes
Turn   | Place    | Note
-------+----------+-------------------------------------------
     0 | D:1      | Lanoc the Human Fire Elementalist began the quest for the
                  | Orb.
     0 | D:1      | Reached XP level 1. HP: 13/13 MP: 3/3
   145 | D:1      | Reached XP level 2. HP: 7/19 MP: 1/5
   705 | D:3      | Reached XP level 3. HP: 13/24 MP: 2/6
  1474 | D:3      | Reached skill level 4 in Fire Magic
  1666 | D:3      | Reached XP level 4. HP: 15/30 MP: 0/7
  1674 | D:3      | Slain by an adder

Illustrated notes

Levels and vault maps discovered:
D:1:      ldierk_water_garden, layout_loops_ring, minmay_heptomino_l4
D:2:      layout_loops_cross
D:3:      layout_loops_cross, small_statue_intersection, st_stairs_11,
          minmay_misc_feat_cross, roderic_lattice_a, serial_bayou_lake_a

Skill      XL: |  1  2  3 |
---------------+----------+-----
Fire Magic     | 4 |  4.2
Dodging        | |  2.8
Stealth        | |  2.0
Spellcasting   | |  2.0
Conjurations   | |  1.0

Action                   |  1- 3 |  4- 6 || total
-------------------------+-------+-------++-------
Melee: Unarmed           |    12 |       ||    12
       Dagger            |    23 |       ||    23
 Cast: Foxfire           |    50 |       ||    50
  Use: Potion            |       |     2 ||     2
 Stab: Sleeping          |     1 |       ||     1
Armor: Robe              |     7 |       ||     7
Dodge: Dodged            |    21 |     3 ||    24

Table legend: (Time is in decaauts)
 A = Elapsed time spent in this place.
 B = Non-inter-level travel time spent in this place.
 C = Inter-level travel time spent in this place.
 D = Time resting spent in this place.
 E = Time spent auto-exploring this place.
 F = Levels seen in this place.
 G = Mean time per level.
                   A        B        C        D        E       F      G
               +--------+--------+--------+--------+--------+-----+--------+
         Total |   1687 |   1675 |     12 |      0 |   1444 |   3 |  562.3 |
       Dungeon |   1687 |   1675 |     12 |      0 |   1444 |   3 |  562.3 |
               +--------+--------+--------+--------+--------+-----+--------+

Top non-repeatable levels by time:
     D:3: 1060 daAuts
     D:1: 452 daAuts
     D:2: 174 daAuts
